 Dungeon Crawl Stone Soup version 0.24.0-13-gcf9b319 (webtiles) character file.

Game seed: 1382814534750062792, levelgen mode: deterministic

683 Fang the Skirmisher (level 7, -2/44 HPs)
             Began as a Gargoyle Fighter on Jan 2, 2020.
             Killed by divine providence
             ... invoked by an orc priest
              (12 damage)
             ... on level 4 of the Dungeon.
             The game lasted 00:05:14 (3229 turns).

Fang the Skirmisher (Gargoyle Fighter)              Turns: 3229, Time: 00:05:14

Health: -2/44      AC: 17    Str: 21    XL:     7   Next: 61%
Magic:  7/7        EV:  4    Int:  9    God:
Gold:   194        SH: 10    Dex:  9    Spells: 6/6 levels left

rFire    . . .     SeeInvis .   d - -2 broad axe (curse)
rCold    . . .     Gourm    .   B - +0 shield
rNeg     + . .     Faith    .   b - +0 plate armour
rPois    ∞         Spirit   .   (no helmet)
rElec    +         Reflect  .   (no cloak)
rCorr    .         Harm     .   (no gloves)
MR       .....                  (no boots)
Stlth    ..........             (no amulet)
HPRegen  0.14/turn              (no ring)
MPRegen  0.10/turn              (no ring)

@: no status effects
A: negative energy resistance 1, electricity resistance, unbreathing,
petrification resistance, rot immunity, AC +4
a: no special abilities


You were on level 4 of the Dungeon.
You were not hungry.

You visited 2 branches of the dungeon, and saw 5 of its levels.

You collected 194 gold pieces.

Inventory:

Hand Weapons
 a - a +0 war axe
 d - a cursed -2 broad axe (weapon)
Armour
 b - a +0 plate armour (worn)
 B - a +0 shield (worn)
Jewellery
 i - a +3 ring of evasion {unknown}
Scrolls
 e - a scroll of fog
 j - a scroll of magic mapping {unknown}
 l - a scroll of blinking {unknown}
 m - a scroll of remove curse {unknown}
Potions
 g - 3 potions of lignification
 h - 2 potions of resistance
 k - a potion of curing
Comestibles
 c - 8 rations
 f - a chunk of flesh


   Skills:
 + Level 5.5 Fighting
 + Level 4.0 Axes
 + Level 5.4 Armour
 + Level 5.5 Shields


You had 6 spell levels left.
You didn't know any spells.
Your spell library was empty.

Dungeon Overview and Level Annotations

Branches:
Dungeon (4/15)             Temple (1/1) D:4

Altars:
Ashenzari
Cheibriados
Elyvilon
Fedhas
Hepliaklqana
Nemelex Xobeh
Okawaru
Qazlal
Ru
Sif Muna
Uskayaw
Vehumet
Wu Jian
Xom
Yredelemnul
Zin


Innate Abilities, Weirdness & Mutations

You are resistant to torment.
Your stone body is resilient. (AC +4)
You are immune to poison.
You resist negative energy. (rN+)
You are resistant to electric shocks. (rElec)
You can survive without breathing.
You are immune to petrification.
You are immune to rotting.


Message History

You closely miss the orc priest.
The orc priest calls down the wrath of Beogh upon you.
Beogh smites you!
The orc priest invokes the aid of Beogh against you.
Beogh smites you!
* * * LOW HITPOINT WARNING * * *
You are too injured to fight recklessly!
You are too injured to fight recklessly!
You are too injured to fight recklessly!
You are too injured to fight recklessly!
You are too injured to fight recklessly!
You are too injured to fight recklessly!
You are too injured to fight recklessly!
You are too injured to fight recklessly!
You closely miss the orc priest. You block the orc priest's attack.
Some of the chunks of flesh in your inventory have rotted away.
It was a potion of curing.
You feel better.
The orc priest invokes the aid of Beogh against you.
Beogh smites you!
You die...

.# #.# #.# #.# #### #.#
#.# ...######.# #.#
...'...##.######r#
...#......#....#o#
...#......#....#o#
...#......#....#@#
...+......#....#.#
####......#....#.#
####...)..#..(.#.#.###.
..........+........>...#
#####..####....#.#.###.#
##.## #.####.#.# #..#
#.# #.#.#
#######.###.####.#.


You could see an orc priest, an orc and a quokka.

Vanquished Creatures
  Sigmund (D:2)
  An ogre (D:4)
  A centaur (D:3)
  2 howler monkeys
  A bullfrog skeleton (D:3)
  A centaur zombie (D:2)
  A hound (D:4)
  Crazy Yiuf (D:2)
  An iguana (D:4)
  4 gnolls (D:4)
  2 adders
  2 oozes
  2 worms (D:3)
  A dart slug (D:1)
  A leopard gecko (D:3)
  An orc (D:4)
  A ball python (D:3)
  4 bats
  6 giant cockroaches
  4 hobgoblins
  6 jackals
  3 quokkas
  5 frilled lizards
  7 goblins
  8 kobolds
  A leopard gecko skeleton (D:4)
  9 rats
77 creatures vanquished.

Notes
Turn   | Place    | Note
-------+----------+-------------------------------------------
     0 | D:1      | Fang the Gargoyle Fighter began the quest for the Orb.
     0 | D:1      | Reached XP level 1. HP: 14/14 MP: 1/1
   164 | D:1      | Reached XP level 2. HP: 19/19 MP: 2/2
   451 | D:1      | Reached XP level 3. HP: 18/23 MP: 3/3
   809 | D:2      | Reached XP level 4. HP: 23/29 MP: 4/4
  1075 | D:2      | Found a runed translucent door.
  1076 | D:2      | Noticed Crazy Yiuf
  1274 | D:2      | Noticed Sigmund
  1284 | D:2      | Killed Sigmund
  1284 | D:2      | Reached XP level 5. HP: 31/34 MP: 5/5
  1284 | D:2      | Reached XP level 6. HP: 36/39 MP: 6/6
  1467 | D:2      | Killed Crazy Yiuf
  1701 | D:3      | Found a sacrificial altar of Ru.
  1893 | D:3      | Reached skill level 5 in Fighting
  1893 | D:3      | Reached skill level 5 in Shields
  1975 | D:3      | Reached skill level 5 in Armour
  2102 | D:3      | Reached XP level 7. HP: 44/44 MP: 7/7
  2666 | D:4      | Found a staircase to the Ecumenical Temple.
  2863 | Temple   | Entered the Ecumenical Temple
  3176 | D:4      | Found a shimmering blue altar of Sif Muna.
  3229 | D:4      | Killed from afar by an orc priest

Levels and vault maps discovered:
D:1:      dpeg_arrival_ternary, layout_loops_ring
D:2:      layout_basic, uniq_sigmund, uniq_crazy_yiuf_cottage
D:3:      layout_loops_ring, nicolae_overflow_crystal_walls
D:4:      layout_basic, kennysheep_mini, minmay_temple_entry_slanted,
          first_ration, minmay_pentangle
Temple:   zaba_magenta_temple

Skill      XL: |  1  2  3  4  5  6  7 |
---------------+----------------------+-----
Axes           | 2 3 4 |  4.0
Fighting       | 4 5 |  5.5
Shields        | 4 5 |  5.5
Armour         | 4 5 |  5.4

Action                   |  1- 3 |  4- 6 |  7- 9 || total
-------------------------+-------+-------+-------++-------
Melee: War axe           |   113 |    84 |       ||   197
       Broad axe         |       |   146 |    84 ||   230
  Use: Potion            |       |     1 |     1 ||     2
       Scroll            |       |     4 |     2 ||     6
  Eat: Chunk             |       |     5 |     4 ||     9
Armor: Scale mail        |     8 |       |       ||     8
       Plate armour      |   103 |   184 |    53 ||   340
Dodge: Dodged            |    15 |    38 |    11 ||    64
Block: Shield            |    71 |   151 |    41 ||   263
